 Dungeon Crawl Stone Soup version 0.29-a0-355-g7276a9ff7f (webtiles) character file.

Game seed: 8584319531138948643

1151 Ijustatesigmund the Conjurer (level 8, -5/44 HPs)
             Began as a Gargoyle Conjurer on Apr 25, 2022.
             Slain by a two-headed ogre
             ... wielding a +0 giant spiked club
              (21 damage)
             ... on level 5 of the Dungeon.
             The game lasted 00:13:19 (6198 turns).

Ijustatesigmund the Conjurer (Gargoyle Conjurer)    Turns: 6198, Time: 00:13:19

Health: -5/44      AC:  9    Str: 11    XL:     8   Next: 38%
Magic:  7/15       EV: 11    Int: 21    God:
Gold:   382        SH:  0    Dex:  8    Spells: 14/17 levels left

rFire   . . .      SeeInvis .   g - +0 morningstar
rCold   . . .      Faith    .   (no shield)
rNeg    + . .      Spirit   .   a - +0 leather armour
rPois   ∞          Reflect  .   (no helmet)
rElec   +          Harm     .   (no cloak)
rCorr   .          Rampage  .   (no gloves)
Will    .....                   (no boots)
Stlth   +.........              (no amulet)
HPRegen 0.14/turn               (no ring)
MPRegen 0.14/turn               (no ring)

@: no status effects
A: sickness immunity, AC +5, negative energy resistance 1, electricity
resistance, torment resistance 1, petrification resistance
a: no special abilities


You were on level 5 of the Dungeon.
You visited 2 branches of the dungeon, and saw 6 of its levels.
You also visited: Sewer.

You collected 382 gold pieces.

Inventory:

Hand Weapons
 g - a +0 morningstar (weapon)
Armour
 a - a +0 leather armour (worn)
Jewellery
 m - an amulet of magic regeneration
 r - an amulet of the acrobat
Scrolls
 j - a scroll of teleportation
 o - a scroll of magic mapping
 q - a scroll of enchant armour {unknown}
Potions
 b - a potion of magic
 c - a potion of cancellation
 d - 3 potions of brilliance
 e - 3 potions of haste {unknown}
 f - 3 potions of curing
 h - a potion of ambrosia {unknown}
 i - a potion of flight
 k - a potion of heal wounds
 l - a potion of degeneration {unknown}
 n - 2 potions of berserk rage {unknown}
 p - a potion of mutation {unknown}


   Skills:
 + Level 2.1 Fighting
 - Level 3.6 Maces & Flails
 - Level 4.1 Armour
 - Level 1.5 Dodging
 - Level 2.1 Stealth
 + Level 5.2 Spellcasting
 + Level 7.3 Conjurations


You had 14 spell levels left.
You knew the following spells:

 Your Spells              Type           Power      Damage    Failure   Level
a - Magic Dart            Conj           100%       1d8       1%          1
b - Searing Ray           Conj           72%        2d7       1%          2

Your spell library contained the following spells:

 Spells                   Type           Power      Damage    Failure   Level
 Dazzling Flash           Conj/Hex       40%        N/A       9%          3
 Fulminant Prism          Conj/Hex       10%        3d9       30%         4
 Iskenderun's Mystic Bla  Conj/Tloc      20%        2d6       30%         4


Dungeon Overview and Level Annotations

Branches:
Dungeon (5/15)             Temple (1/1) D:4           Sewer (visited)

Altars:
Ashenzari
Gozag
Hepliaklqana
Kikubaaqudgha
Makhleb
Ru
Sif Muna
Vehumet
Yredelemnul
Zin
Lugonu

Shops:
D:1 =   D:5 =


Innate Abilities, Weirdness & Mutations

You are immune to sickness and miasma.
Your stone body is resilient. (AC +5)
You are immune to poison.
You resist negative energy. (rN+)
You are resistant to electric shocks. (rElec)
You are resistant to unholy torment.
You are immune to petrification.


Message History

Aiming: Magic Dart (safe; 1% risk of failure)
Press: ? - help, Shift-Dir - straight line, f/p - two-headed ogre
Aim: a two-headed ogre, wielding a +0 giant spiked club and a +0 giant club (100% to hit)
The magic dart hits the two-headed ogre.
The two-headed ogre is lightly wounded.
Casting: Magic Dart (safe; 1% risk of failure)
Confirm with . or Enter, or press ? or * to list all spells.
Aiming: Magic Dart (safe; 1% risk of failure)
Press: ? - help, Shift-Dir - straight line, f/p - two-headed ogre
Aim: a two-headed ogre, wielding a +0 giant spiked club and a +0 giant club (lightly wounded, 100% to hit)
The magic dart hits the two-headed ogre.
The two-headed ogre is lightly wounded.
Casting: Magic Dart (safe; 1% risk of failure)
Confirm with . or Enter, or press ? or * to list all spells.
You can't see any susceptible monsters within range! (Use Z to cast anyway.)
Casting: Magic Dart (safe; 1% risk of failure)
Confirm with . or Enter, or press ? or * to list all spells.
Aiming: Magic Dart (safe; 1% risk of failure)
Press: ? - help, Shift-Dir - straight line, f/p - two-headed ogre
Aim: a two-headed ogre, wielding a +0 giant spiked club and a +0 giant club (lightly wounded, 100% to hit)
The magic dart hits the two-headed ogre.
The two-headed ogre is moderately wounded.
Casting: Magic Dart (safe; 1% risk of failure)
Confirm with . or Enter, or press ? or * to list all spells.
Aiming: Searing Ray (safe; 1% risk of failure)
Press: ? - help, Shift-Dir - straight line, f/p - two-headed ogre
Aim: a two-headed ogre, wielding a +0 giant spiked club and a +0 giant club (moderately wounded, 91% to hit)
The searing ray hits the two-headed ogre!
The two-headed ogre is moderately wounded. (Press . to maintain the ray.)
The searing ray hits the two-headed ogre.
The two-headed ogre is moderately wounded.
The searing ray hits the two-headed ogre but does no damage.
The two-headed ogre is moderately wounded.
The searing ray hits the two-headed ogre.
The two-headed ogre is heavily wounded.
You finish channelling your searing ray.
The two-headed ogre hits you with a +0 giant spiked club!!
The two-headed ogre hits you with a +0 giant club!!
You die...

#
#.##################
#..@O...............
#.########..........
# #..........
#..........
.##..........
.>.'.....O....
...##.......... .[
#.......... .
.'........)..


You could see a two-headed ogre.

Vanquished Creatures
  The ghost of 101zpm the Gusty, an amateur GnAE (D:4)
  A water moccasin (D:5)
  A black bear (D:5)
  A phantom (D:5)
  A kobold brigand (Sewer)
  2 necrophages (D:4)
  A scorpion (D:5)
  4 orc priests
  An iguana (D:4)
  Jessica (D:3)
  2 orc wizards (D:3)
  9 adders
  A river rat (Sewer)
  2 white imps (D:5)
  An ufetubus (D:4)
  3 worms
  2 dart slugs
  17 orcs
  6 endoplasms
  2 giant cockroaches (D:2)
  6 goblins
  5 hobgoblins
  2 jackals (D:3)
  4 quokkas
  6 ball pythons
  2 bats
  8 frilled lizards
  9 kobolds
  11 rats
112 creatures vanquished.

Vanquished Creatures (others)
  5 toadstools (D:1)
5 creatures vanquished.

Grand Total: 117 creatures vanquished

Notes
Turn   | Place    | Note
-------+----------+-------------------------------------------
     0 | D:1      | Ijustatesigmund the Gargoyle Conjurer began the quest for
                  | the Orb.
     0 | D:1      | Reached XP level 1. HP: 10/10 MP: 3/3
   371 | D:1      | Reached XP level 2. HP: 4/15 MP: 0/5
   989 | D:1      | Found Dipoedd's Jewellery Emporium.
  1232 | D:1      | Reached XP level 3. HP: 19/19 MP: 3/6
  1433 | D:2      | Learned a level 2 spell: Searing Ray
  1434 | D:2      | Reached skill level 5 in Conjurations
  1521 | D:2      | Found a faded altar of an unknown god.
  1877 | D:2      | Reached XP level 4. HP: 24/24 MP: 4/8
  2684 | D:3      | Reached skill level 1 in Armour
  2684 | D:3      | Reached XP level 5. HP: 26/28 MP: 3/10
  2685 | D:3      | Reached skill level 1 in Maces & Flails
  3309 | D:3      | Reached XP level 6. HP: 24/32 MP: 4/11
  3549 | D:3      | Noticed Jessica
  3553 | D:3      | Killed Jessica
  3588 | D:3      | Found a shimmering blue altar of Sif Muna.
  3763 | D:4      | Reached skill level 6 in Conjurations
  3831 | D:4      | Found a glowing drain.
  3857 | Sewer    | Entered a sewer
  4092 | Sewer    | Reached XP level 7. HP: 36/36 MP: 4/13
  4286 | Sewer    | Found a white marble altar of Elyvilon.
  4477 | D:4      | Found a staircase to the Ecumenical Temple.
  4879 | D:4      | Found a glowing silver altar of Zin.
  4957 | D:4      | Found a runed translucent door.
  4984 | D:4      | Noticed 101zpm's ghost (amateur GnAE)
  5326 | D:4      | Killed 101zpm's ghost
  5441 | Temple   | Entered the Ecumenical Temple
  5509 | D:5      | Entered Level 5 of the Dungeon
  5549 | D:5      | Reached XP level 8. HP: 33/41 MP: 5/15
  5626 | D:5      | Found a broken altar of Ashenzari.
  5674 | D:5      | Reached skill level 7 in Conjurations
  5714 | D:5      | Found Xiaraeto's Jewellery Shop.
  5725 | D:5      | Reached skill level 1 in Fighting
  5942 | D:5      | Reached skill level 5 in Spellcasting
  6122 | D:5      | Noticed a two-headed ogre
  6198 | D:5      | Slain by a two-headed ogre

Illustrated notes

Levels and vault maps discovered:
D:1:      erik_arrival_blinker_ship, layout_loops_ring, serial_shops,
          shop_statue, st_stairs_5, grunt_decor_one_mirror,
          minmay_gold_behind_fungi
D:2:      layout_basic, hellmonk_ecumenical_altar_crossroads,
          corexii_item_surrounded_by_moat, minmay_fractal_squares_5
D:3:      layout_loops_ring, tgw_sif
D:4:      cheibrodos_old_hovel, layout_gridville,
          mainiacjoe_overflow_tiny_flanked, temple_fountains,
          ebering_ghost_sewer_d, portal_sewer_entry_b
D:5:      layout_basic, okawaru_trees_1, mainiacjoe_overflow_alcove_4,
          nrook_mini_vaults, kennysheep_windowed_goal
Temple:   corrupted_temple

Skill      XL: |  1  2  3  4  5  6  7  8 |
---------------+-------------------------+-----
Conjurations   | 5 6 7 |  7.3
Spellcasting   | 3 4 5 |  5.2
Armour         | 1 2 3 4 |  4.1
Maces & Flails | 1 2 3 |  3.6
Fighting       | 2 |  2.1
Dodging        | |  1.5
Stealth        | |  2.1

Action                   |  1- 3 |  4- 6 |  7- 9 || total
-------------------------+-------+-------+-------++-------
Melee: Long sword        |     3 |     1 |       ||     4
       Flail             |       |     5 |       ||     5
       Morningstar       |       |       |     1 ||     1
 Cast: Magic Dart        |    65 |    78 |    48 ||   191
       Searing Ray       |       |     7 |    17 ||    24
  Use: Scroll            |       |     6 |     2 ||     8
       Potion            |       |       |     2 ||     2
 Stab: Sleeping          |       |     1 |       ||     1
Armor: Robe              |     3 |       |       ||     3
       Leather armour    |       |     6 |    12 ||    18
Dodge: Dodged            |     2 |    24 |    25 ||    51

Table legend: (Time is in decaauts)
 A = Elapsed time spent in this place.
 B = Non-inter-level travel time spent in this place.
 C = Inter-level travel time spent in this place.
 D = Time resting spent in this place.
 E = Time spent auto-exploring this place.
 F = Levels seen in this place.
 G = Mean time per level.
                   A        B        C        D        E       F      G
               +--------+--------+--------+--------+--------+-----+--------+
         Total |   6234 |   6088 |    146 |   1744 |   3695 |   7 |  890.6 |
       Dungeon |   5687 |   5557 |    130 |   1427 |   3528 |   5 | 1137.4 |
        Temple |     49 |     34 |     15 |      0 |     28 |   1 |   49.0 |
         Sewer |    498 |    498 |      0 |    317 |    139 |   1 |  498.0 |
               +--------+--------+--------+--------+--------+-----+--------+

Top non-repeatable levels by time:
     D:1: 1423 daAuts
     D:4: 1250 daAuts
     D:2: 1219 daAuts
     D:3: 1104 daAuts
     D:5: 688 daAuts
   Sewer: 498 daAuts
  Temple: 49 daAuts
